Map: Research Site JD-2

Players

Mixy

  • Race: Terran Terran
  • Spawn Location: 12:00

Arago

  • Race: Zerg Zerg
  • Spawn Location: 12:00

zebastiane

  • Race: Protoss Protoss
  • Spawn Location: 3:00

CaptainLulu

  • Race: Terran Terran
  • Spawn Location: 1:00

Décepticon

  • Race: Terran Terran
  • League: Silver
  • Spawn Location: 7:00

DarkCrime

  • Race: Zerg Zerg
  • Spawn Location: 7:00

ProStreet

  • Race: Zerg Zerg
  • League: Gold
  • Spawn Location: 6:00

ильдар

  • Race: Zerg Zerg
  • League: Bronze
  • Spawn Location: 6:00

VOD

Have the link to the VOD?

Description

Time

  • Played on: March 16, 2016, 7:48 a.m.
  • Length: 6:25
Show
View Real Time Build Order
Export as new Build Order

Mixy Terran 

Build Orders:  

Get SALT Encoding   

  12  0:03  SCV  
  13  0:20  SCV  
  14  0:30  Supply Depot  
  14  0:32  Refinery  
  14  1:00  Engineering Bay  
  14  1:01  SCV  
  15  1:13  SCV  
  16  1:21  Barracks  
  16  1:25  SCV  
  16  1:30  Barracks  
  17  1:39  SCV  
  18  1:51  SCV  
  19  2:04  SCV  
  20  2:12  Bunker  
  20  2:18  SCV  
  20  2:21  Supply Depot  
  21  2:23  Terran Infantry Weapons Level 1  
  21  2:25  Barracks Reactor  
  21  2:32  SCV  
  21  2:34  Barracks Tech Lab  
  22  2:53  Supply Depot  
  22  2:57  Marine  
  23  3:05  Bunker  
  23  3:14  Marine  
  23  3:17  Refinery  
  24  3:25  Marine x2  
  26  3:35  Factory  
  26  3:44  Marine x2  
  26  3:45  Marine  
  29  4:02  Marine x2  
  30  4:03  Marine  
  32  4:20  Marine x2  
  32  4:21  Terran Infantry Armor Level 1  
  34  4:25  Factory Tech Lab  
  34  4:28  Marine  
  35  4:38  Marine x2  
  37  4:57  Supply Depot  
  37  5:08  Supply Depot  
  37  5:18  Marine x2  
  39  5:27  Supply Depot  
  39  5:30  Marine, SCV  
  39  5:31  Siege Tank  
  44  5:36  Marine x2  
  44  5:42  SCV  
  47  5:48  Marine  
  48  5:52  Supply Depot  
  48  5:54  Marine x2  
  50  5:58  Missile Turret  
  50  6:06  Marine  
Show
View Real Time Build Order
Export as new Build Order

Arago Zerg 

Build Orders: Pool Only 

Get SALT Encoding   

  12  0:05  Drone  
  13  0:13  Overlord  
  13  0:20  Extractor  
  12  0:21  Drone  
  12  0:28  Drone  
  14  0:33  Drone  
  15  0:45  Extractor  
  15  0:46  Drone  
  15  0:59  Spawning Pool, Drone  
  15  1:07  Drone  
  16  1:16  Drone  
  17  1:32  Drone  
  18  1:34  Overlord  
  18  1:52  Roach Warren  
  17  1:56  Lair  
  17  2:01  Drone  
  18  2:08  Drone x2  
  20  2:20  Drone  
  21  2:26  Drone  
  22  2:37  Roach  
    3:30  Roach  
    3:31  Roach x2  
  6  4:07  Drone x2  
Show
View Real Time Build Order
Export as new Build Order

zebastiane Protoss 

Build Orders:  

Get SALT Encoding   

  12  0:13  Pylon  
  12  0:15  Probe (Chrono Boost)  
  13  0:26  Probe (Chrono Boost)  
  14  0:34  Gateway  
  14  0:37  Probe (Chrono Boost)  
  15  0:51  Probe (Chrono Boost)  
  15  0:52  Assimilator  
  16  1:02  Probe (Chrono Boost)  
  17  1:13  Probe (Chrono Boost)  
  18  1:23  Probe (Chrono Boost)  
  19  1:27  Cybernetics Core  
  19  1:34  Probe (Chrono Boost)  
  20  1:55  Assimilator, Probe (Chrono Boost)  
  20  1:56  Nexus  
  21  2:06  Mothership Core (Chrono Boost)  
  23  2:33  Pylon  
  23  2:35  Pylon  
  23  2:38  Pylon  
  23  2:46  Stargate  
  24  2:51  Probe (Chrono Boost)  
  24  3:02  Probe (Chrono Boost)  
  25  3:10  Protoss Air Weapons Level 1  
  25  3:12  Probe x2 (Chrono Boost)  
  27  3:22  Assimilator  
  27  3:23  Probe x2 (Chrono Boost)  
  27  3:24  Pylon  
  27  3:26  Pylon  
  29  3:30  Pylon  
  33  3:41  Void Ray (Chrono Boost)  
  33  4:11  Stalker  
  16  4:45  Mothership Core  
Show
View Real Time Build Order
Export as new Build Order

CaptainLulu Terran 

Build Orders:  

Get SALT Encoding   

  12  0:01  SCV  
  13  0:15  SCV  
  14  0:26  Supply Depot  
  14  0:30  SCV  
  15  0:47  SCV  
  16  0:54  Engineering Bay  
  16  0:55  Refinery  
  16  1:00  SCV  
  16  1:01  Supply Depot  
  17  1:12  SCV  
  18  1:22  Barracks  
  18  1:28  Barracks  
  18  1:30  SCV  
  19  1:42  SCV  
  20  1:56  SCV  
  21  2:03  Barracks  
  21  2:08  SCV  
  22  2:24  Factory  
  22  2:26  SCV  
  23  2:31  Refinery  
  23  2:38  SCV  
  23  2:43  Marine x2  
  26  2:52  Supply Depot  
  26  3:01  Marine x2  
  26  3:02  Marine  
  29  3:11  Orbital Command  
  29  3:18  Marine  
  29  3:19  Marine  
  31  3:20  Marine  
  31  3:26  Factory  
  32  3:36  Marine  
  33  3:47  Marine  
  31  3:48  Marine  
  31  3:54  Marine  
  27  4:04  Widow Mine  
  30  4:12  Barracks  
  30  4:14  Hellion  
  28  4:19  Barracks  
  28  4:22  Marine x2  
  26  5:10  Factory  
  26  5:34  Bunker  
  26  5:52  Supply Depot  
  26  5:59  Supply Depot  
  26  6:13  Bunker  
  26  6:22  Supply Depot  
Show
View Real Time Build Order
Export as new Build Order

Décepticon Terran 

Build Orders:  

Get SALT Encoding   

  12  0:01  SCV  
  13  0:14  SCV  
  14  0:26  SCV  
  15  0:32  Supply Depot  
  15  0:54  SCV  
  16  1:06  Barracks, SCV  
  16  1:10  Barracks  
  17  1:14  Refinery  
  17  1:18  SCV  
  18  1:26  Supply Depot  
  18  1:30  SCV  
  19  1:42  SCV  
  20  1:54  Marine  
  20  1:55  SCV  
  20  1:57  Marine  
  23  2:07  SCV, Barracks  
  24  2:12  Marine  
  24  2:14  Marine  
  26  2:21  Orbital Command  
  26  2:29  Marine  
  26  2:32  Marine  
  28  2:47  Marine  
  28  2:50  Marine  
  30  2:52  SCV  
  30  2:56  Refinery  
  31  3:04  Marine, SCV  
  31  3:05  Marine  
  33  3:08  Marine  
  35  3:16  SCV  
  36  3:22  Marine  
  36  3:23  Marine  
  36  3:26  Marine  
  39  3:44  Marine  
  39  3:46  Marine  
  39  3:47  Marine  
  37  3:58  SCV  
  37  4:02  Marine  
  39  4:03  Supply Depot  
  39  4:04  Marine x2  
  41  4:10  SCV  
  41  4:20  Marine  
  41  4:21  Marine  
  41  4:22  Marine, SCV  
  44  4:37  Marine  
  45  4:39  Marine  
  45  4:40  Marine  
  47  4:55  Marine  
  47  4:57  Marine  
  47  4:58  Marine  
  48  5:13  Marine  
  49  5:15  Marine  
  49  5:16  Marine  
  51  5:31  Marine  
  51  5:33  Marine x2  
  54  5:49  Marine  
  55  5:50  Marine  
  55  5:51  Marine  
  57  6:07  Marine  
Show
View Real Time Build Order
Export as new Build Order

DarkCrime Zerg 

Build Orders: Pool Only 

Get SALT Encoding   

  12  0:10  Drone x2  
  14  0:30  Spawning Pool  
  14  0:31  Drone  
  14  0:39  Overlord  
  14  0:47  Overlord  
  14  0:55  Overlord  
  14  1:02  Overlord  
  14  1:13  Drone  
  15  1:19  Extractor  
  15  1:20  Zergling x2  
  15  1:35  Zergling x2  
  15  1:36  Queen  
  18  1:53  Zergling x4  
  20  2:07  Drone  
  21  2:09  Zergling x2  
  22  2:21  Zergling x2  
  23  2:25  Metabolic Boost  
  23  2:32  Zergling x2  
  23  3:04  Zergling x6  
  23  3:05  Zergling x2  
  26  3:17  Zergling x2, Evolution Chamber  
  26  3:25  Drone  
  27  3:51  Zergling x2  
  27  3:52  Zergling x6  
  31  3:57  Zerg Melee Weapons Level 1  
  26  4:41  Zergling x2  
  26  4:42  Zergling x10  
  27  5:12  Zergling x10  
  28  5:35  Zergling x4  
Show
View Real Time Build Order
Export as new Build Order

ProStreet Zerg 

Build Orders: Pool Only 

Get SALT Encoding   

  12  0:29  Drone x2  
  12  0:32  Overlord  
  14  0:37  Spawning Pool  
  13  0:46  Drone  
  13  0:47  Extractor  
  13  0:51  Drone  
  14  1:02  Drone  
  15  1:13  Drone  
  16  1:23  Drone  
  16  1:25  Queen  
  19  1:34  Zergling x2  
  20  1:44  Zergling x2  
  21  1:49  Metabolic Boost  
  21  1:55  Zergling x2  
  22  2:08  Overlord  
  22  2:24  Evolution Chamber  
  22  2:25  Zergling x2  
  22  2:27  Zergling x2  
  23  2:41  Zergling x4  
  23  2:42  Zergling x4  
  27  3:06  Zergling x4  
  23  4:04  Zergling x10  
  23  4:05  Zergling x4  
  30  4:13  Zerg Ground Armor Level 1  
  22  5:22  Zergling x2  
  22  5:23  Zergling x12  
  22  5:24  Overlord  
  22  5:25  Overlord  
  29  5:45  Zergling x2  
  29  5:46  Zergling x2  
Show
View Real Time Build Order
Export as new Build Order

ильдар Zerg 

Build Orders: Pool First 

Get SALT Encoding   

  12  0:05  Drone  
  13  0:11  Drone  
  14  0:18  Overlord  
  14  0:23  Extractor  
  14  0:25  Extractor  
  14  0:28  Drone  
  13  0:31  Drone  
  14  0:38  Drone  
  15  0:57  Spawning Pool  
  14  1:02  Drone  
  15  1:09  Drone  
  16  1:15  Drone  
  17  1:22  Drone  
  18  1:33  Drone  
  19  1:43  Queen  
  21  1:50  Metabolic Boost  
  21  1:55  Zergling x2  
  22  2:03  Overlord  
  22  2:24  Zergling x4  
  24  2:31  Zergling x2  
  25  2:39  Zergling x2  
  26  2:53  Zergling x6  
  26  2:54  Zergling x2  
  29  3:20  Overlord  
  29  3:57  Zergling x2  
  29  3:58  Zergling x14  
  29  4:21  Lair  
  29  4:39  Hatchery  
  28  5:24  Hydralisk Den  
  23  5:53  Hydralisk x5  
  23  5:54  Hydralisk x5  
  43  6:02  Overlord  
Tags
 
Add a new tag
Caveats
  • Supply blocks, unpowered buildings, or Contaminate may cause inaccurate times.
  • Supply counts are checked every 10 seconds.